 Dungeon Crawl Stone Soup version 0.30-a0-629-gd54f4be4f7 (console) character file.

Game seed: 7263703810821941514

3879 jejorda2 the Carver (level 10, 0/132 HPs)
             Began as a Yellow Draconian Berserker on Jan 12, 2023.
             Was a High Priest of Trog.
             Slain by a gnoll bouda
             ... wielding a +0 whip
              (6 damage)
             ... on level 7 of the Dungeon.
             The game lasted 00:19:23 (7429 turns).

jejorda2 the Carver (Yellow Draconian Berserker)    Turns: 7429, Time: 00:19:23

Health: 0/132      AC:  8    Str: 21    XL:     10   Next: 0%
Magic:  10/10      EV: 14    Int:  7    God:    Trog [*****.]
Gold:   481        SH:  0    Dex: 14    Spells: 9/9 levels left

rFire   . . .      SeeInvis .    a - +0 scimitar
rCold   . . .      Faith    .    (no shield)
rNeg    . . .      Spirit   .    (body armour unavailable)
rPois   .          Reflect  .    (helmet restricted)
rElec   .          Harm     .    (no cloak)
rCorr   +          Rampage  .    (no gloves)
Will    .....                    q - +0 pair of boots Stlth
                                 u - amulet of regeneration
HPRegen 1.22/turn                (no ring)
MPRegen 0.12/turn                (no ring)

@: berserking, weakened, studying Fighting, very quick
A: spit acid, AC +7, unfitting armour, cold-blooded, acid resistance
a: Breathe Acid, Renounce Religion, Berserk, Trog's Hand, Brothers in Arms


You were on level 7 of the Dungeon.
You worshipped Trog.
Trog was extremely pleased with you.
You visited 1 branch of the dungeon, and saw 8 of its levels.
You also visited: Ossuary.

You collected 481 gold pieces.

Inventory:

Hand Weapons
 a - a +0 scimitar (weapon)
 b - a +4 dagger
Missiles
 j - 2 javelins
 k - 2 throwing nets
 l - 7 boomerangs (quivered)
 m - 5 poisoned darts
 B - 28 stones
Armour
 q - a +0 pair of boots (worn)
Jewellery
 u - an amulet of regeneration (around neck)
Wands
 c - a wand of iceblast (6)
 p - a wand of light (8)
 z - a wand of flame (11)
 A - a wand of mindburst (14)
Scrolls
 f - 5 scrolls of enchant weapon
 g - a scroll of magic mapping
 i - a scroll of fog
 o - a scroll of identify
 w - a scroll of blinking
 y - 4 scrolls of teleportation
Potions
 d - 2 potions of attraction
 e - 5 potions of curing
 h - a potion of flight
 n - a potion of berserk rage {unknown}
 r - a potion of cancellation {unknown}
 s - a potion of invisibility {unknown}
 t - a potion of might
 v - a potion of heal wounds
 x - 2 potions of lignification


   Skills:
 + Level 8.2 Fighting
 * Level 12.1 Long Blades
 - Level 6.0 Dodging


You had 9 spell levels left.
You didn't know any spells.
Your spell library was empty.

Dungeon Overview and Level Annotations

Branches:
Dungeon (8/15)             Temple (0/1) D:5            Lair (0/5) D:8
Ossuary (visited)

Altars:
Gozag
Hepliaklqana
Okawaru
Uskayaw
Wu Jian
Zin


Innate Abilities, Weirdness & Mutations

You can spit globs of acid.
Your golden yellow scales are hard. (AC +7)
You cannot fit into any form of body armour.
You are cold-blooded and may be slowed by cold attacks.
You are resistant to acid. (rCorr)


Message History

You hit the four-headed hydra. You tail-slap the four-headed hydra!
The four-headed hydra is almost dead.
You hit the four-headed hydra.
The four-headed hydra is almost dead.
The gnoll bouda hits you with a +0 whip.
* * * LOW HITPOINT WARNING * * *
The wight barely misses you. The four-headed hydra misses you.
The four-headed hydra closely misses you.
The four-headed hydra bites you!
* * * LOW HITPOINT WARNING * * *
The four-headed hydra bites you but does no damage.
The wight hits you with a +0 vampiric long sword.
* * * LOW HITPOINT WARNING * * *
You barely miss the four-headed hydra.
The four-headed hydra is almost dead.
You puncture the four-headed hydra!
You feel the power of Trog in you as your rage grows.
You kill the four-headed hydra!
Trog accepts your kill.
The gnoll bouda hits you but does no damage.
The wight hits you with a +2 long sword.
* * * LOW HITPOINT WARNING * * *
The wight hits you with a +0 vampiric long sword!
* * * LOW HITPOINT WARNING * * *
Your life force feels restored.
Your Fighting skill increases to level 8!
Your Long Blades skill increases to level 12!
You have reached level 10!
Unknown command.
a - a +0 scimitar (weapon)
Press: ? - help, v - describe, . - travel
Here: a wight, wielding a +2 long sword and wearing a +0 robe (heavily damaged)
The floor.
Unknown command.
Unknown command.
You hit the wight. You tail-slap the wight.
You destroy the wight!
Trog accepts your kill.
The gnoll bouda hits you with a +0 whip.
You die...

####........###..######
+........#..........
#........'.........<
#........#..........
###.###).#..........
#+# ##.#...........
#.#...###....#
###...###....#
#.....@z.....#
#...!))g.....#
#.....(z.....#
#............+
########'##### ..
###+## .........#....#
.........#.P...
........##...g


You could see a gnoll bouda and 2 wights.

Vanquished Creatures
  A hydra (D:7)
  2 steam dragons (D:8)
  Menkaure (Ossuary)
  2 orc warriors
  An ice beast (D:6)
  3 black bears
  An ogre (D:5)
  A phantom (D:6)
  A bullfrog (D:8)
  3 necrophages
  A gnoll sergeant (D:6)
  4 scorpions
  6 wights
  A jelly (D:4)
  3 hounds
  10 orc priests
  A gnoll bouda (D:8)
  Ijyb (D:3)
  4 iguanas
  13 orc wizards
  4 mummies
  15 gnolls
  12 adders
  A shadow imp (D:6)
  2 ufetubi
  2 worms
  A dart slug (D:2)
  40 orcs
  5 endoplasms
  2 giant cockroaches
  4 gnoll zombies (Ossuary)
  12 goblins
  6 hobgoblins
  4 jackals
  8 kobolds
  2 quokkas
  5 ball pythons
  6 bats
  3 frilled lizards
  11 gnoll skeletons (Ossuary)
  4 goblin skeletons (Ossuary)
  5 goblin zombies (Ossuary)
  2 hobgoblin skeletons (Ossuary)
  7 hobgoblin zombies
  8 kobold zombies
  4 orc skeletons (Ossuary)
  An orc zombie (Ossuary)
  5 rats
  4 rat skeletons (Ossuary)
  2 rat zombies (Ossuary)
247 creatures vanquished.

Vanquished Creatures (others)
  4 fungi (D:8)
  9 plants (D:7)
13 creatures vanquished.

Grand Total: 260 creatures vanquished

Notes
Turn   | Place    | Note
-------+----------+-------------------------------------------
     0 | D:1      | jejorda2 the Draconian Berserker began the quest for the
                  | Orb.
     0 | D:1      | Reached XP level 1. HP: 19/19 MP: 1/1
   132 | D:1      | Reached XP level 2. HP: 24/26 MP: 2/2
   583 | D:2      | Reached XP level 3. HP: 32/33 MP: 3/3
   730 | D:2      | Reached skill level 4 in Long Blades
   901 | D:2      | Reached ** piety under Trog
   910 | D:2      | Reached XP level 4. HP: 40/40 MP: 4/4
  1466 | D:3      | Found an iron altar of Okawaru.
  1626 | D:3      | Noticed Ijyb
  1636 | D:3      | Killed Ijyb
  1899 | D:4      | Found an opulent altar of Gozag.
  1908 | D:4      | Noticed a necrophage
  1921 | D:4      | Killed a necrophage
  1922 | D:4      | Reached XP level 5. HP: 47/47 MP: 5/5
  2175 | D:4      | Reached skill level 5 in Long Blades
  2201 | D:4      | Found a hide-covered altar of Uskayaw.
  2478 | D:4      | Reached XP level 6. HP: 53/53 MP: 6/6
  2716 | D:5      | Entered Level 5 of the Dungeon
  2882 | D:5      | Reached skill level 5 in Fighting
  3021 | D:5      | Reached skill level 6 in Long Blades
  3022 | D:5      | Your scales start taking on a golden yellow colour.
  3022 | D:5      | Reached XP level 7. HP: 44/61 MP: 7/7
  3022 | D:5      | Gained mutation: You are resistant to acid. (rCorr) [Yellow
                  | Draconian growth]
  3026 | D:5      | Reached *** piety under Trog
  3477 | D:5      | Reached skill level 7 in Long Blades
  3682 | D:5      | Reached skill level 5 in Dodging
  3682 | D:5      | Reached XP level 8. HP: 55/70 MP: 8/8
  4132 | D:5      | Found a staircase to the Ecumenical Temple.
  4328 | D:6      | Reached skill level 8 in Long Blades
  4822 | D:6      | Reached skill level 9 in Long Blades
  5036 | D:6      | Reached XP level 9. HP: 74/74 MP: 9/9
  5232 | D:6      | Reached skill level 10 in Long Blades
  5276 | D:6      | Found a glowing silver altar of Zin.
  5557 | D:7      | Noticed a troll
  5629 | D:8      | Found a staircase to the Lair.
  5661 | D:8      | Found a sand-covered staircase.
  5667 | Ossuary  | Entered an ossuary
  5689 | Ossuary  | Reached **** piety under Trog
  6049 | Ossuary  | Noticed Menkaure
  6060 | Ossuary  | Killed Menkaure
  6061 | Ossuary  | Reached skill level 11 in Long Blades
  6172 | Ossuary  | Identified a scroll of acquirement
  6172 | Ossuary  | Acquired a manual of Fighting
  6661 | D:8      | Found an ornate altar of the Wu Jian Council.
  6866 | D:8      | Found a hazy altar of Hepliaklqana.
  7091 | D:8      | Reached ***** piety under Trog
  7411 | D:7      | Noticed a four-headed hydra
  7427 | D:7      | Killed a four-headed hydra
  7427 | D:7      | HP: 4/109 [wight/+0 vampiric long sword (10)]
  7428 | D:7      | Reached skill level 12 in Long Blades
  7428 | D:7      | Reached XP level 10. HP: 5/88 MP: 10/10
  7429 | D:7      | Slain by a gnoll bouda

Illustrated notes

Levels and vault maps discovered:
D:1:      giann_horns, layout_rooms
D:2:      layout_loops_corners
D:3:      layout_rooms, lemuel_crystal_altar, uniq_ijyb
D:4:      layout_basic, eat_drink_and_be_merry_uskayaw,
          nicolae_gozag_cash_rules_everything_around_me
D:5:      layout_basic, temple_hall, kennysheep_generic_room_5
D:6:      minmay_angry_zag, layout_cave_pods, zin_scriptorium
D:7:      layout_gridville, yredelemnul_forgotten_temple_becter, fedhas_altar_4,
          serial_shops, nicolae_diamond_shop, hellmonk_guarded_unrand_vines,
          uniq_duvessa
D:8:      layout_loops_corners, nicolae_hepliaklqana_hazy_memory,
          mainiacjoe_overflow_boulevard, lair_entry_dummy,
          nicolae_ossuary_entry_giza, dreamdust_wishing_well

Skill      XL: |  1  2  3  4  5  6  7  8  9 |
---------------+----------------------------+-----
Dodging        | 3 4 5 6 |  6.0
Long Blades    | 4 5 6 7 9 12 | 12.1
Fighting       | 4 5 6 8 |  8.2

Action                   |  1- 3 |  4- 6 |  7- 9 | 10-12 || total
-------------------------+-------+-------+-------+-------++-------
Melee: Falchion          |   117 |   215 |   171 |       ||   503
       Tailslap          |    10 |    34 |    93 |     1 ||   138
       Punch             |     2 |     2 |     8 |       ||    12
       Scimitar          |       |       |   321 |     1 ||   322
       Dagger            |       |       |     9 |       ||     9
Throw: Stone             |     5 |       |    52 |       ||    57
       Boomerang         |       |     3 |     1 |       ||     4
Invok: Berserk           |     1 |     6 |     9 |       ||    16
       Trog's Hand       |       |     1 |     4 |       ||     5
 Abil: Breathe Acid      |       |       |    13 |       ||    13
Evoke: Wand              |       |     1 |       |       ||     1
  Use: Scroll            |       |       |    22 |       ||    22
       Potion            |       |       |     1 |       ||     1
 Stab: Sleeping          |     1 |       |     2 |       ||     3
Armor: Skin              |    42 |    73 |   129 |       ||   244
Dodge: Dodged            |    73 |   136 |   317 |       ||   526

Table legend: (Time is in decaauts)
 A = Elapsed time spent in this place.
 B = Non-inter-level travel time spent in this place.
 C = Inter-level travel time spent in this place.
 D = Time resting spent in this place.
 E = Time spent auto-exploring this place.
 F = Levels seen in this place.
 G = Mean time per level.
                   A        B        C        D        E       F      G
               +--------+--------+--------+--------+--------+-----+--------+
         Total |   7501 |   7112 |    389 |    773 |   4754 |   9 |  833.4 |
       Dungeon |   6934 |   6545 |    389 |    641 |   4564 |   8 |  866.8 |
       Ossuary |    566 |    566 |      0 |    132 |    190 |   1 |  566.0 |
               +--------+--------+--------+--------+--------+-----+--------+

Top non-repeatable levels by time:
     D:5: 1626 daAuts
     D:6: 1258 daAuts
     D:8: 1165 daAuts
     D:2: 1038 daAuts
     D:4: 900 daAuts
 Ossuary: 566 daAuts
     D:1: 491 daAuts
     D:3: 346 daAuts
     D:7: 107 daAuts
